Cogmind - Beta 14 @@@ ROGUE MODE // 2025.03.09 @ 00:09:20 Player: Bbenedict8 Result: Self-destructed Performance ------------- Evolutions (1) 500 Regions Visited (3) 600 Robots Destroyed (24) 120 Value Destroyed (506) 506 Prototype IDs (0) 0 Alien Tech Used (0) 0 Bonus (0) 0 TOTAL SCORE: 1726 Bonus ------- None Cogmind --------- Core Integrity 87/400 Matter 281/300 Energy 125/125 System Corruption 0% Temperature Cool (0) Movement Treading (170) Location -9/Materials Parts ------- > --- POWER (1) -------- Light Ion Engine > --- PROPULSION (2) --- Armored Treads Armored Treads > --- UTILITY (4) ------ Small Storage Unit Sensor Array Signal Interpreter Light Armor Plating > --- WEAPON (2) ------- Light Assault Rifle > --- INVENTORY (8) ---- Ion Engine Armored Treads Armored Treads Small Storage Unit Signal Interpreter Light Assault Rifle Mining Laser Hammer Peak State ------------ > --- POWER ------------ Light Ion Engine > --- PROPULSION ------- Armored Treads Armored Treads > --- UTILITY ---------- Small Storage Unit Sensor Array Signal Interpreter Light Armor Plating > --- WEAPON ----------- Medium Laser Light Assault Rifle > --- INVENTORY -------- Ion Engine Armored Treads Armored Treads Small Storage Unit Signal Interpreter Light Assault Rifle Mining Laser Hammer [Rating: 14] Favorites ----------- Power Ion Engine Engine Ion Engine Propulsion Wheel Treads Armored Treads Wheel Wheel Flight Unit Flight Unit Utility Small Storage Unit Device Sensor Array Storage Small Storage Unit Processor Signal Interpreter Protection Backup Plating I Weapon Light Assault Rifle Energy Gun Medium Laser Ballistic Gun Light Assault Rifle Build | -11 -10 -10 -9 ------- Run | Yrd Mat Min Mat Slots Evolved 2 | . . . 2 Power . | . . . . Propulsion . | . . . . Utility 2 | . . . 2 Weapon . | . . . . Parts Attached 29 | 11 2 3 13 Power 4 | 1 . 1 2 Engine 4 | 1 . 1 2 Core . | . . . . Reactor . | . . . . Propulsion 12 | 6 2 1 3 Treads 4 | 2 . . 2 Leg . | . . . . Wheel 7 | 4 2 1 . Hover . | . . . . Flight 1 | . . . 1 Utility 6 | 2 . . 4 Device 1 | . . . 1 Storage 2 | 2 . . . Processor 2 | . . . 2 Hackware . | . . . . Protection 1 | . . . 1 Artifact . | . . . . Weapon 7 | 2 . 1 4 Energy Gun 2 | . . . 2 Energy Cannon . | . . . . Ballistic Gun 5 | 2 . 1 2 Ballistic Cannon . | . . . . Launcher . | . . . . Special Weapon . | . . . . Impact Weapon . | . . . . Slashing Weapon . | . . . . Piercing Weapon . | . . . . Special Melee Weapon . | . . . . Unidentified Prototypes . | . . . . Parts Lost 15 | . 2 5 8 Power 3 | . . 1 2 Propulsion 5 | . 2 1 2 Utility 2 | . . 1 1 Weapon 5 | . . 2 3 Highest Loss Streak 5 | . 1 4 5 To Critical Strikes . | . . . . Average Slot Usage (%) 84 | . 97 88 73 Engine 10 | . 14 11 7 Treads 1 | . . . 3 Wheel 17 | . 26 26 6 Flight 2 | . . . 4 Storage 12 | . 14 14 11 Processor 7 | . . . 16 Protection 6 | . 13 7 1 Energy Gun 4 | . . . 10 Ballistic Gun 19 | . 28 27 9 Peak Build Rating 14 | 7 7 7 14 Average Rating 7 | 5 6 6 8 On Entrance 4 | . 6 7 5 Naked Turns . | . . . . Heaviest Build 17 | 17 13 13 15 Greatest Support 40 | 26 26 32 40 Greatest Overweight (x) 2 | . . . 2 Average Overweight (x) . | . . . . Largest Inventory Capacity 8 | 8 8 8 8 Average Capacity 7 | 7 8 8 8 Most Carried 8 | 5 8 8 8 Average Carried 5 | 1 6 7 5 Final Capacity 8 | 8 8 8 8 Final Carried 8 | 5 8 8 8 Class Distribution -------------------- 95% | Mutant 4% | Scavenger-Mutant Dominant Class ---------------- Mutant | -10/Materials Mutant | -10/Mines Mutant | -9/Materials Resources | -11 -10 -10 -9 ----------- Run | Yrd Mat Min Mat Matter Collected 561 | 237 146 72 106 Remotely . | . . . . Salvage Created 799 | 86 175 244 294 Parts 47 | 4 13 9 21 Haulers Intercepted . | . . . . Recyclers Shooed 5 | 2 . 2 1 Parts Field Recycled . | . . . . Retrieved Matter . | . . . . Parts Self-Destructed . | . . . . Prevented . | . . . . Kills | -11 -10 -10 -9 ------- Run | Yrd Mat Min Mat Combat Hostiles Destroyed 17 | . 6 2 9 Guns 17 | . 6 2 9 Classes Destroyed 7 | 2 2 . 3 Tunneler 1 | 1 . . . Recycler 3 | 1 . 2 . Mechanic 1 | . . . 1 Watcher 2 | . . . 2 Swarmer 8 | . 3 . 5 Grunt 8 | . 3 2 3 Sentry 1 | . . . 1 Best Kill Streak 4 | 1 4 3 4 Combat Bots Only 4 | . 4 1 4 Max Kills in Single Turn 1 | 1 1 1 1 Gunslinging . | . . . . Exploded . | . . . . Melee . | . . . . Uniques/NPCs Destroyed . | . . . . Combat | -11 -10 -10 -9 -------- Run | Yrd Mat Min Mat Hostile Shots Fired 180 | . 45 26 109 Missed 44 | . 11 6 27 Damage Taken 1568 | . 387 395 786 Core 504 | . 94 97 313 Absorbed by Shields . | . . . . Core Remaining (%) 61 | 100 . 23 . Volleys Fired 111 | 17 29 23 42 Largest 2 | 2 2 2 2 Hottest 85 | 40 40 40 85 Shots Fired 200 | 34 58 43 65 Gun 200 | 34 58 43 65 Cannon . | . . . . Launcher . | . . . . Special . | . . . . Kinetic 160 | 34 58 43 25 Thermal 40 | . . . 40 Explosive . | . . . . Electromagnetic . | . . . . Robot Hit Streak 10 | 4 7 10 7 Robot Miss Streak 6 | 3 2 3 6 Penetration Max . | . . . . Secondary Targets 4 | . 1 1 2 Max Gunslinging Chain 1 | . 1 1 1 Shots Hit Robots 116 | 19 36 23 38 Core Hits 46 | 6 11 11 18 Critical Kills . | . . . . Critical Parts Destroyed . | . . . . Critical Strikes 2 | . . . 2 Burn 2 | . . . 2 Melee Attacks . | . . . . Impact . | . . . . Slashing . | . . . . Piercing . | . . . . Sneak Attacks . | . . . . Combat Hostiles . | . . . . Follow-up Attacks . | . . . . Damage Inflicted 1088 | 140 294 175 479 Guns 1086 | 140 292 175 479 Cannons . | . . . . Explosions . | . . . . Melee . | . . . . Ramming 2 | . 2 . . Kinetic 711 | 140 292 175 104 Thermal 375 | . . . 375 Explosive . | . . . . Electromagnetic . | . . . . Impact . | . . . . Slashing . | . . . . Piercing . | . . . . Highest Corruption . | . . . . Average Corruption . | . . . . Corruption Purged . | . . . . Corruption Blocked . | . . . . Overload Shots . | . . . . Overflow Damage . | . . . . Projectiles . | . . . . Explosions . | . . . . Melee . | . . . . Knockbacks . | . . . . Impact . | . . . . Kinetic . | . . . . Secondary . | . . . . Self-Inflicted Damage . | . . . . Shots . | . . . . Rammed 4 | . 2 . 2 Targets Rammed 4 | . 2 . 2 Kicked . | . . . . Crushed . | . . . . Highest Temperature 235 | . 40 8 235 Average Temperature 44 | . 13 4 68 Received Heat Transfer 465 | . 183 111 171 Siege Activations . | . . . . Robots Corrupted . | . . . . Combat Hostiles . | . . . . Parts Fried . | . . . . Impact Corruptions . | . . . . Robots Melted . | . . . . Combat Hostiles . | . . . . Parts Melted 4 | . . . 4 Heat Transferred 1147 | . . . 1147 Parts Sabotaged . | . . . . Parts Stolen . | . . . . Parts Stripped . | . . . . Power Chain Reactions . | . . . . Alert | -11 -10 -10 -9 ------- Run | Yrd Mat Min Mat Peak Influence 217 | 10 217 119 197 Initial 84 | . 6 84 42 Average 94 | 3 106 96 112 Maximum Alert Level 1 | . 1 . . Low Security (%) 94 | 100 81 100 100 Level 1 5 | . 18 . . Level 2 . | . . . . Level 3 . | . . . . Level 4 . | . . . . Level 5 . | . . . . High Security . | . . . . Max Security . | . . . . Squads Dispatched 1 | . 1 . . Investigation . | . . . . Extermination . | . . . . Reinforcement 1 | . 1 . . Assault . | . . . . Garrison . | . . . . Intercept . | . . . . Searches Triggered . | . . . . Construction Impeded . | . . . . Haulers Reinforced . | . . . . Active Scanning Responses . | . . . . Cargo Convoy Interrupts . | . . . . Stealth | -11 -10 -10 -9 --------- Run | Yrd Mat Min Mat Distress Signals 1 | . . . 1 Communications Jammed . | . . . . Distress Signals . | . . . . Times Spotted 34 | . 11 6 17 Peak Tracking Total 6 | . 3 5 6 Tactical Retreats 2 | . 1 1 . Traps | -11 -10 -10 -9 ------- Run | Yrd Mat Min Mat Traps Triggered . | . . . . Indirectly . | . . . . Trap Hack Attempts . | . . . . Triggered . | . . . . Disarmed . | . . . . Reprogrammed . | . . . . Reused . | . . . . Traps Extracted . | . . . . Installed . | . . . . Triggered . | . . . . Machines | -11 -10 -10 -9 ---------- Run | Yrd Mat Min Mat Machines Disabled . | . . . . Max in Single Turn . | . . . . Machines Repaired . | . . . . Machines Dismantled . | . . . . Machines Sabotaged . | . . . . Overloaded Fab Kills . | . . . . Hacking | -11 -10 -10 -9 --------- Run | Yrd Mat Min Mat Machines Accessed 5 | . 3 . 2 Terminals 4 | . 2 . 2 Fabricators . | . . . . Repair Stations 1 | . 1 . . Recycling Units . | . . . . Scanalyzers . | . . . . Garrison Access . | . . . . Total Hacks 12 | . 8 . 4 Successful 6 | . 5 . 1 Failed 6 | . 3 . 3 Catastrophic 1 | . . . 1 Database Lockouts . | . . . . Manual . | . . . . Terminals 10 | . 6 . 4 Fabricators . | . . . . Repair Stations 2 | . 2 . . Recycling Units . | . . . . Scanalyzers . | . . . . Garrison Access . | . . . . Terminal Hacks 5 | . 4 . 1 Emergency Access Points 1 | . 1 . . Alert Level 1 | . 1 . . Hauler Manifests 1 | . 1 . . Zone Layout 2 | . 1 . 1 Fabricator Hacks . | . . . . Repair Station Hacks 1 | . 1 . . Refit 1 | . 1 . . Recycling Unit Hacks . | . . . . Scanalyzer . | . . . . Garrison Access Hacks . | . . . . Unauthorized Hacks . | . . . . Terminals . | . . . . Fabricators . | . . . . Repair Stations . | . . . . Recycling Units . | . . . . Scanalyzers . | . . . . Garrison Access . | . . . . Data Cores Recovered . | . . . . Used . | . . . . Hacking Detections 3 | . 1 . 2 Full Trace Events . | . . . . Feedback Events . | . . . . Feedback Blocked . | . . . . Robot Schematics Acquired . | . . . . Robots Built . | . . . . Authchips . | . . . . Time . | . . . . Total Robot Build Rating . | . . . . Part Schematics Acquired . | . . . . Parts Built . | . . . . Authchips . | . . . . Time . | . . . . Total Part Build Rating . | . . . . Parts Repaired . | . . . . Time . | . . . . Parts Recycled . | . . . . Recycled Matter . | . . . . Retrieved Matter . | . . . . Retrieved Components . | . . . . Parts Scanalyzed . | . . . . Part Schematics Acquired . | . . . . Parts Damaged . | . . . . Bothacking | -11 -10 -10 -9 ------------ Run | Yrd Mat Min Mat Used RIF Installer . | . . . . Robots Hacked . | . . . . Non-combat . | . . . . Combat . | . . . . Robot Hacks Applied . | . . . . Relay Couplers Released . | . . . . Fabnet Peak Effective % . | . . . . Robots Rewired . | . . . . Allies Hacked . | . . . . Hacks Repelled . | . . . . Allies | -11 -10 -10 -9 -------- Run | Yrd Mat Min Mat Total Allies . | . . . . Largest Group . | . . . . Highest-Rated Group . | . . . . Highest-Rated Ally . | . . . . Total Orders . | . . . . Ally Attacks . | . . . . Total Damage . | . . . . Kills . | . . . . Allies Corrupted . | . . . . Allies Melted . | . . . . Intel | -11 -10 -10 -9 ------- Run | Yrd Mat Min Mat Robot Analysis Total . | . . . . Derelict Logs Recovered 1 | . . 1 . Drone Launches . | . . . . Drone Recoveries . | . . . . Exploration | -11 -10 -10 -9 ------------- Run | Yrd Mat Min Mat Turns Passed 1129 | 138 301 249 441 Spaces Moved 678 | 89 237 149 203 Core 24 | 16 . . 8 Treads 22 | . . . 22 Legs . | . . . . Wheels 535 | 73 237 149 76 Hover . | . . . . Flight 97 | . . . 97 Fastest Speed 50 | 50 80 90 100 Average Speed 103 | 80 82 93 145 Slowest Speed 200 | 90 90 100 200 Overloaded Moves . | . . . . Propulsion Burnouts . | . . . . Robots Hopped . | . . . . Cave-ins Triggered . | . . . . Exploration Rate (%) 19 | 4 30 25 20 Regions Visited 3 Branch Regions 1 Pre-discovered Areas . | . . . . Known Exits Taken . | . . . . Unknown Exits Taken 3 | 1 1 1 . Scrap Searched . | . . . . Spaces Dug . | . . . . Terrain Destroyed . | . . . . Melee . | . . . . Projectile . | . . . . AOE . | . . . . Terrain Rammed . | . . . . Walls Destroyed . | . . . . Machines Disabled . | . . . . Actions | -11 -10 -10 -9 --------- Run | Yrd Mat Min Mat Total 928 | 126 295 223 284 Wait 88 | . 21 48 19 Move 675 | 88 236 148 203 Hop . | . . . . Pick Up 17 | 7 5 1 4 Fast Attach 13 | 4 . 2 7 Attach 13 | 5 2 1 5 Detach 1 | 1 . . . Swap 3 | 2 . . 1 Drop 3 | 2 . . 1 Fire 111 | 17 29 23 42 Melee . | . . . . Ram 3 | . 2 . 1 Kick . | . . . . Crush 1 | . . . 1 Escape Stasis . | . . . . Rewire . | . . . . Trap . | . . . . Miscellaneous . | . . . . Route ------- -11/Scrapyard -10/Materials -10/Mines -9/Materials History --------- Turn | Location | Event 31 | -11/Scrapyard | Discovered new exit (range 16) 139 | -11/Scrapyard | Entered Materials 311 | -10/Materials | Build established: Mutant 420 | -10/Materials | Discovered new exit (range 12) 440 | -10/Materials | Entered Mines 451 | -10/Mines | Learned Materials non-interactive machine intel 542 | -10/Mines | Discovered new exit (range 6) 630 | -10/Mines | Lost 4 parts (1p1n1u1w) 651 | -10/Mines | Assembled infested the area 656 | -10/Mines | Assisted by a Guerilla fighting off Assembled 679 | -10/Mines | Core integrity fell below 50% 689 | -10/Mines | Entered Materials 689 | -9/Materials | Evolved 2 slots: Utility x2 690 | -9/Materials | Loaded intel: 42 non-interactive machine locations 842 | -9/Materials | Core integrity fell below 50% 860 | -9/Materials | Lost 5 parts (1p2n2w) 1130 | -9/Materials | Self-destructed Last Messages --------------- 01080_ Acquired 4 matter. 01082_ W-16 Scout destroyed. 01086_ K-01 Serf collects debris. 01088_ R-06 Scavenger collects Prototype Engine. 01091_ K-01 Serf collects debris. 01091_ R-06 Scavenger collects Prototype Engine. 01094_ K-01 Serf collects debris. 01095_ R-06 Scavenger collects Ion Engine. 01098_ R-06 Scavenger collects Prototype Engine. 01102_ Acquired Sensor Array. 01106_ K-01 Serf collects debris. 01109_ Acquired Arm. Treads. 01110_ K-01 Serf collects debris. 01112_ Acquired Arm. Treads. 01113_ K-01 Serf collects debris. 01121_ S-10 Pest destroyed. 01121_ Switching to secondary target: S-10 Pest. 01123_ K-01 Serf collects debris. 01125_ Med. Laser destroyed. 01125_ K-01 Serf collects debris. Map ----- +----------------------------------------------------+ | """????????????????????????????????????? ????????? | | """????????????????????????????????????? ????????? | | """????????????????????????????????????? ????????? | | ???????????????????????????????????????? ????????? | | ???????????????????????????????????????? ????????? | | ???????????????????????????????????????? ????????? | | ???????????????????????????????????????? ????????? | | ???????????????????????????????????????# #???????? | | ???????????????????????????????????????# #???????? | | ???????????????????????????????????????# #???????? | | ???????????????????????? ?????????????# #???????? | | ????????????????"""?? ?? ?????????????# #???????? | | ????????????????"""?? T" #???"""??????# #???????? | | ??????"?"?"?????"""?? "" ??"""""?????# #???????? | | ?????""?"?""?????x??? [ ??"""""?????# #???????? | | ?????????????????????? ks= ??"""""?????# #???????? | | ?????????????????????? ???"""??????# #???????? | | ?????????????????????? ????????????# #???????? | | ??????????????????????# s #????????????# ######### | | ??????????????????????# s############?# + | | ?????????????????????## ########?????# # | | ?????????????????????+ # !!!!#?????# # | | ??????????????????????# # =!!!!#?????# # | | ??????????????????????# # #?????# + | | ??????????????????????# # ####### # | | ??????????????????????# @ =%! k%%k # | | ??????????????????????# = * a # | | ??????????????????????# ####### | | ??????????????????????################## #?????? | | ???????????????????????????????????????# #?????? | | ??????????????????????????############## #?????? | | ??????????????????????????# #?????? | | ????????????????????????### #?????? | | ????????????????????????#"" """ " #?????? | | ????????????????????????#"T """ T #?????? | | ??????????"""???????????#"" """ " #?????? | | ??????????"""???????????### #?????? | | ??????????"""?????????????# #?????? | | ??????????????????????????# """ """ #?????? | | ???????"??"""?????????????# """ """ #?????? | | ???????T??"""?????????????# """ """ ####### | | ???????"??"""?????????????# ## | | ??????????????????????????# ##""" | | ??????????################# """ """ #""" | | ??????? % """ """ #""" | | ??????? """ """% + | | ??????? %% % #""" | | ??????????######/########## % #""" | | "????????????"""?"""?????####"########## #""" | | "????????????"""?"""????? #????# # | +----------------------------------------------------+ Best States ------------- Heat Dissipation 28 Energy Generation 10 Energy Capacity 250 Matter Stores 300 Matter Capacity 300 Sight Range 16 Robot Scan Range 14 Terrain Scan Density 10 Armor Coverage 150 Evasion (%) 44 Recoil Reduction 2 Item Schematics ----------------- None Robot Schematics ------------------ None Fabricated ------------ Nothing Alien Tech Used ----------------- None Achievements -------------- None Challenges ------------ None Game ------ Seed MobileCompactFragment Manual? 0 Play Time 00:14:29 Cumulative 21.8 hours Start 2025.03.08 @ 23:55:54 End 2025.03.09 @ 00:09:20 Sessions 1 Manual Loads 0 Difficulty Rogue Special Mode None Game No. 26 Rogue 24 Adventurer 2 Explorer 0 Win Type - Total 0 Types 0/0/0/0/0/0/0/0/0 Lore% 11 Gallery% 21 Achievement% 22 Wizard Run 0 Options --------- Layout 0 ASCII 0 Keyboard 0 Movement Arrows Keybinds 0 Fullscreen 1 Font 18/SmallcapsGlow Map View 76x50 Zoom Use 0% Tactical HUD 1 Map Filters NONE Filters NONE Steam 1 RUN: 629aadb5-f929-466b-a9d0-9b60f4def1ae